 Dungeon Crawl Stone Soup version 0.25-a0-645-gb4487340cb (webtiles) character file.

Game seed: 2905706774953218409, levelgen mode: deterministic

19632 Conn the Thaumaturge (level 12, -7/82 HPs)
             Began as an Octopode Wizard on Mar 21, 2020.
             Was an Elder of Sif Muna.
             Mangled by a basilisk (9 damage)
             ... while petrified by a basilisk
             ... on level 3 of the Lair of Beasts.
             The game lasted 01:45:04 (20016 turns).

Conn the Thaumaturge (Octopode Wizard)             Turns: 20016, Time: 01:45:04

Health: -7/82      AC:  1    Str:  7 (9)  XL:     12   Next: 71%
Magic:  10/35      EV:  2    Int: 23      God:    Sif Muna [****..]
Gold:   317        SH:  0    Dex:  7 (10) Spells: 6/32 levels left

rFire    + . .     SeeInvis .   v - +4 short sword (drain)
rCold    . . .     Gourm    .   f - +2 buckler
rNeg     + + +     Faith    .   a - +0 hat
rPois    ∞         Spirit   .   (no amulet)
rElec    .         Reflect  .   n - ring of flight
rCorr    .         Harm     .   N - ring of magical power
MR       +....                  T - ring of protection from magic
Stlth    ++++......             U - ring of protection from fire
HPRegen  0.23/turn              (no ring)
MPRegen  0.24/turn              (no ring)
                                (no ring)
                                (no ring)

@: lethally poisoned (-7 -> -7), petrified
A: almost no armour, stealthy swim, amphibious, 8 rings, constrict 8, camouflage
1, gelatinous body 1
a: Channel Magic, Forget Spell, Divine Exegesis, Renounce Religion, Evoke Flight


You were on level 3 of the Lair of Beasts.
You worshipped Sif Muna.
Sif Muna was greatly pleased with you.
You were not hungry.

You visited 3 branches of the dungeon, and saw 15 of its levels.

You collected 823 gold pieces.
You spent 506 gold pieces at shops.

Inventory:

Hand Weapons
 e - a +0 spear
 k - a +0 dagger
 l - a +0 hunting sling
 t - a +0 short sword
 v - a +4 short sword of draining (weapon)
 w - a +2 quarterstaff of chaos
 E - a +5 battleaxe of freezing
 K - a +1 dagger of chaos
 O - a +0 trident of flaming
 R - a +2 vorpal shortbow
Missiles
 b - 231 stones
 F - 12 javelins (quivered)
 S - 54 arrows
Armour
 a - a +0 hat (worn)
 f - a +2 buckler (worn)
Jewellery
 n - a ring of flight (left tentacle)
 N - a ring of magical power (right tentacle)
 T - a ring of protection from magic (on tentacle)
 U - a ring of protection from fire (on tentacle)
Wands
 d - a wand of paralysis (26)
 g - a wand of random effects (12)
 q - a wand of flame (53)
 x - a wand of polymorph (17)
 H - a wand of disintegration (24)
 M - a wand of iceblast (4)
 P - a wand of acid (14)
Scrolls
 i - 9 scrolls of identify
 j - 4 scrolls of remove curse
 o - a scroll of vulnerability {unknown}
 p - 3 scrolls of fog
 y - a scroll of amnesia
 z - a scroll of magic mapping
 B - 2 scrolls of immolation
 C - 4 scrolls of teleportation
Potions
 m - a potion of lignification
 r - a potion of might
 s - a potion of magic
 A - 4 potions of stabbing
 D - a potion of cancellation
 J - a potion of haste
 L - a potion of heal wounds
Miscellaneous
 h - a phial of floods
Comestibles
 c - 22 rations
 u - 4 chunks of flesh


   Skills:
 * Level 7.9 Fighting
 + Level 6.7 Short Blades
 + Level 4.8 Dodging
 - Level 6.0 Stealth
 + Level 6.3 Shields
 * Level 10.7 Spellcasting
 + Level 7.0 Conjurations
 + Level 0.4 Hexes
 - Level 2.0 Summonings
 + Level 3.6 Translocations
 + Level 5.8 Fire Magic
 + Level 2.5 Air Magic
 + Level 3.3 Poison Magic
 + Level 1.2 Evocations


You had 6 spell levels left.
You knew the following spells:

 Your Spells              Type           Power        Failure   Level  Hunger
a - Magic Dart            Conj           ####         1%          1    None
b - Blink                 Tloc           N/A          1%          2    None
c - Call Imp              Summ           ###.....     3%          2    None
d - Conjure Flame         Conj/Fire      #####...     1%          3    None
e - Mephitic Cloud        Conj/Pois/Air  ####....     2%          3    None
f - Slow                  Hex            ##......     7%          2    None
g - Sticky Flame          Conj/Fire      #####...     3%          4    #......
h - Inner Flame           Hex/Fire       ####....     4%          3    None
i - Fireball              Conj/Fire      #####.....   11%         5    ####...
j - Foxfire               Conj/Fire      ####         1%          1    None

Your spell library contained the following spells:

 Spells                   Type           Power        Failure   Level  Hunger
 Apportation              Tloc           ####..       1%          1    None
 Summon Small Mammal      Summ           ###.         2%          1    None
 Corona                   Hex            ##.....      4%          1    None
 Animate Skeleton         Necr           N/A          5%          1    None


Dungeon Overview and Level Annotations

Branches:
Dungeon (11/15)            Temple (1/1) D:5            Lair (3/6) D:11
 Shoals (0/4) Lair:3
  Snake: Lair:2-4    Spider: Lair:2-4       Orc: D:9-12

Altars:
Ashenzari
Cheibriados
Dithmenos
Elyvilon
Fedhas
Kikubaaqudgha
Makhleb
Nemelex Xobeh
Okawaru
Qazlal
Sif Muna
Uskayaw
Vehumet
Wu Jian
Xom
Yredelemnul
Zin
The Shining One
Beogh

Shops:
D:11 }*


Innate Abilities, Weirdness & Mutations

You cannot wear most types of armour.
You are very stealthy in the water. (Stealth+)
You are amphibious.
You can wear up to eight rings at the same time.
You can use your tentacles to constrict eight enemies at once.
Your skin changes colour to match your surroundings (Stealth+).
Your rubbery body absorbs attacks. (AC +1, EV +1)


Message History

The spiny frog resists with some effort.
The spiny frog closely misses you.
The blink frog blinks!
The blink frog hits you!!
* * * LOW HITPOINT WARNING * * *
The spiny frog stings you!
* * * LOW HITPOINT WARNING * * *
You are lethally poisoned!
The spiny frog poisons you!
The blink frog blinks!
Your limbs are stiffening.
As you read the scroll of fear, it crumbles to dust.
You assume a fearsome visage.
The basilisk resists with some effort.
The spiny frog looks frightened!
The blink frog looks frightened!
The crocodile looks frightened!
* * * LOW HITPOINT WARNING * * *
You feel sick.
The blink frog blinks! x2; You have turned to stone.
The blink frog blinks! x3
The crocodile barely misses the basilisk.
The blink frog blinks!
The blink frog blinks! x2
The basilisk bites you!!
You die...

......... ...P....##
#...<.# ##..#..# ..?
#####.....÷# .
#...##..#.......###
..#.#............##.#
..#......#..)...§..#
........#.#....F@.##
#........#...P..l.#
#..........§..t##
#(...........F#
..#......#.#..####
..§.SF.#.#...##r†...#
...F..###....###...##
...F.# #.F..F.....#
..... #..†......##


You could see a spiny frog (fleeing), a basilisk, 2 blink frogs, a crocodile
(confused) and a porcupine (confused).

Vanquished Creatures
  3 hydras
  A two-headed ogre (D:11)
  Erica (Lair:1)
  Urug (D:11)
  Pikel (D:9)
  A manticore (D:11)
  3 elephants (Lair:2)
  2 black mambas
  4 spiny frogs
  Maggie (D:8)
  Psyche (D:9)
  A komodo dragon (Lair:1)
  Grinder (D:3)
  A blink frog (Lair:3)
  3 hippogriffs
  2 dream sheep (D:8)
  A meliai zombie (D:11)
  12 yaks
  2 basilisks (D:11)
  A shadow (D:11)
  Eustachio (D:5)
  A steam dragon (Lair:2)
  A hungry ghost (D:11)
  A soldier ant (D:10)
  6 water moccasins
  10 porcupines
  An orc warrior (D:9)
  2 phantoms
  3 slaves
  2 ice beasts
  A black bear (D:9)
  2 sky beasts
  3 centaurs
  7 ogres
  7 crocodiles
  14 wolves
  4 big kobolds
  6 bullfrogs
  A wyvern zombie (D:8)
  3 scorpions
  A water moccasin skeleton (D:4)
  17 killer bees
  5 wights (D:8)
  2 crimson imps
  2 jellies
  A bullfrog zombie (D:6)
  4 hounds
  2 bullfrog skeletons (D:9)
  6 orc priests
  3 orc wizards
  Crazy Yiuf (D:3)
  4 iguanas
  11 worker ants
  A hound zombie (D:7)
  3 hound skeletons
  A worker ant zombie (D:6)
  9 adders
  A gnoll (D:1)
  2 shadow imps
  3 oozes
  An adder skeleton (D:2)
  3 worms
  3 dart slugs
  3 leopard geckos
  36 orcs
  8 bats
  6 giant cockroaches
  2 gnoll zombies (D:2)
  4 goblins
  9 hobgoblins
  11 kobolds
  5 quokkas
  3 ball pythons (D:1)
  7 frilled lizards
  3 leopard gecko skeletons
  8 rats
310 creatures vanquished.

Vanquished Creatures (collateral kills)
  A porcupine (Lair:1)
  A centaur (D:9)
  A hound (D:2)
  2 worms (D:2)
  An orc (D:3)
  A goblin (D:2)
  2 rats (D:2)
9 creatures vanquished.

Vanquished Creatures (others)
  A slave (D:9)
  2 bushes (D:11)
  29 foxfires
  6 fungi
  12 plants (D:11)
50 creatures vanquished.

Grand Total: 369 creatures vanquished

Notes
Turn   | Place    | Note
-------+----------+-------------------------------------------
     0 | D:1      | Conn the Octopode Wizard began the quest for the Orb.
     0 | D:1      | Reached XP level 1. HP: 11/11 MP: 4/4
   160 | D:1      | Reached XP level 2. HP: 10/17 MP: 0/6
   353 | D:1      | Learned a level 2 spell: Blink
   357 | D:1      | Learned a level 2 spell: Call Imp
   521 | D:1      | Reached XP level 3. HP: 21/21 MP: 0/8
  1416 | D:2      | Found a hide-covered altar of Uskayaw.
  1576 | D:2      | Reached skill level 4 in Spellcasting
  1576 | D:2      | Reached XP level 4. HP: 6/27 MP: 7/10
  1961 | D:2      | Reached skill level 1 in Shields
  2072 | D:2      | Found a white marble altar of Elyvilon.
  2293 | D:2      | Found a burning altar of Makhleb.
  2884 | D:2      | Found a basalt altar of Yredelemnul.
  3037 | D:3      | Noticed a sky beast
  3046 | D:2      | Learned a level 3 spell: Conjure Flame
  3050 | D:2      | Learned a level 3 spell: Mephitic Cloud
  3683 | D:3      | Reached XP level 5. HP: 32/32 MP: 3/11
  3784 | D:3      | Found a runed translucent door.
  3785 | D:3      | Noticed Crazy Yiuf
  3844 | D:3      | Killed Crazy Yiuf
  4041 | D:3      | Killed a sky beast
  4041 | D:3      | Reached skill level 1 in Fighting
  4041 | D:3      | Reached XP level 6. HP: 38/38 MP: 7/12
  4197 | D:3      | Noticed a phantom
  4575 | D:3      | Noticed Grinder
  5261 | D:4      | You fall into a shaft and drop 1 floor!
  5261 | D:5      | Entered Level 5 of the Dungeon
  5545 | D:4      | Found a shattered altar of Ashenzari.
  5574 | D:4      | Reached skill level 5 in Spellcasting
  5581 | D:4      | Reached XP level 7. HP: 29/44 MP: 8/14
  6359 | D:4      | Reached skill level 1 in Short Blades
  6535 | D:4      | Learned a level 2 spell: Slow
  7270 | D:3      | Killed Grinder
  7270 | D:3      | Reached XP level 8. HP: 48/51 MP: 13/16
  7439 | D:5      | Found a staircase to the Ecumenical Temple.
  7447 | D:5      | Learned a level 4 spell: Sticky Flame
  7454 | D:5      | Noticed Eustachio
  7469 | D:5      | Killed Eustachio
  7469 | D:5      | Reached skill level 5 in Stealth
  7695 | Temple   | Entered the Ecumenical Temple
  7749 | Temple   | Became a worshipper of Sif Muna the Loreminder
  8195 | D:6      | Reached skill level 6 in Spellcasting
  8195 | D:6      | Reached skill level 1 in Fire Magic
  8853 | D:7      | Reached XP level 9. HP: 58/58 MP: 18/18
  9465 | D:7      | Found a sparkling altar of Nemelex Xobeh.
  9626 | D:7      | Found a glowing silver altar of Zin.
  9626 | D:7      | Found an ornate altar of the Wu Jian Council.
  9627 | D:7      | Found a shattered altar of Ashenzari.
  9887 | D:8      | Noticed Maggie
  9897 | D:8      | Killed Maggie
 10587 | D:8      | Reached * piety under Sif Muna
 10627 | D:8      | Reached skill level 5 in Shields
 10682 | D:8      | Reached skill level 7 in Spellcasting
 11135 | D:8      | Reached XP level 10. HP: 57/65 MP: 5/20
 11235 | D:8      | Noticed a two-headed hydra
 11244 | D:8      | Killed a two-headed hydra
 11500 | D:9      | Noticed Psyche
 11736 | D:8      | Learned a level 3 spell: Inner Flame
 12043 | D:9      | Noticed Pikel
 12056 | D:9      | Killed Pikel
 12056 | D:9      | Reached skill level 8 in Spellcasting
 12056 | D:9      | Reached skill level 1 in Poison Magic
 12173 | D:9      | Reached skill level 5 in Fighting
 12548 | D:9      | Killed Psyche
 12548 | D:9      | Reached skill level 5 in Short Blades
 12548 | D:9      | Reached skill level 5 in Conjurations
 12548 | D:9      | Reached skill level 5 in Fire Magic
 12706 | D:9      | Found a blossoming altar of Fedhas.
 12960 | D:10     | Entered Level 10 of the Dungeon
 13055 | D:10     | Reached ** piety under Sif Muna
 13270 | D:10     | Reached skill level 1 in Air Magic
 13369 | D:10     | Found a roughly hewn altar of Beogh.
 13539 | D:10     | Reached XP level 11. HP: 72/72 MP: 13/23
 13549 | D:10     | Learned a level 5 spell: Fireball
 14545 | D:11     | Reached *** piety under Sif Muna
 14545 | D:11     | Reached skill level 1 in Evocations
 14772 | D:11     | Found Mokomou's Merry Market.
 14779 | D:11     | Bought an uncursed ring of magical power for 220 gold
                  | pieces
 14866 | D:11     | Found Inorgh's Gadget Shop.
 14908 | D:11     | Bought a wand of acid (9) for 286 gold pieces
 15096 | D:11     | Reached skill level 9 in Spellcasting
 15427 | D:11     | Found a staircase to the Lair.
 15458 | D:11     | Noticed a manticore
 15465 | D:11     | Killed a manticore
 15624 | D:11     | Noticed a two-headed ogre
 15668 | D:11     | Killed a two-headed ogre
 16229 | D:11     | Noticed Urug
 16244 | D:11     | Killed Urug
 16437 | Lair:1   | Entered Level 1 of the Lair of Beasts
 16655 | Lair:1   | Noticed Erica
 16676 | Lair:1   | Killed Erica
 17143 | Lair:1   | Reached XP level 12. HP: 76/80 MP: 25/25
 17214 | Lair:1   | Noticed a six-headed hydra
 17516 | Lair:1   | Reached skill level 10 in Spellcasting
 17717 | Lair:1   | Killed a six-headed hydra
 18349 | Lair:1   | Learned a level 1 spell: Foxfire
 19133 | Lair:2   | Noticed a seven-headed hydra
 19156 | Lair:2   | Killed a seven-headed hydra
 19445 | Lair:2   | Reached **** piety under Sif Muna
 19977 | Lair:3   | Found a staircase to the Shoals.
 20011 | Lair:3   | HP: 2/82 [spiny frog (6)]
 20016 | Lair:3   | Mangled by a basilisk

Levels and vault maps discovered:
D:1:      nicolae_arrival_memento_mori, layout_basic, minmay_pentomino_w4
D:2:      layout_basic, makhleb_blood_cavern_becter,
          lemuel_zombie_altar_yredelemnul, lemuel_doored_altar, elyvilon_altar_5
D:3:      layout_basic, first_ration, uniq_crazy_yiuf_cottage, uniq_grinder
D:4:      minmay_octagon_keep, layout_basic, ashenzari_altar_1
D:5:      layout_cave_pools, temple_statues, uniq_eustachio
D:6:      layout_rooms
D:7:      layout_basic, nemelex_xobeh_ov_fountains_minmay,
          chequers_temple_overflow_statue_of_worship
D:8:      layout_basic, hangedman_ranch [blue_anna_fruit_fields], uniq_maggie
D:9:      layout_irregular_city, basic_altar, uniq_pikel, uniq_psyche
D:10:     layout_roguey [special_room_orc]
D:11:     layout_roguey, minmay_lair_entry_grove, serial_shops,
          nicolae_shop_behind_doors, nicolae_alphabet_shops,
          minmay_misc_feat_plants, kennysheep_generic_room_8, uniq_urug
Temple:   regret_index_temple_waves
Lair:1:   layout_chaotic_city, grunt_megastairs_1, uniq_erica
Lair:2:   layout_chaotic_city, chequers_serial_rivers_room_b, st_stairs_4,
          beast_lair_carwin_7, lemuel_fruit_tree
Lair:3:   layout_misc_corridors, shoals_dummy_entry, serial_bayou_shore_a

Skill      XL: |  1  2  3  4  5  6  7  8  9 10 11 12 |
---------------+-------------------------------------+-----
Spellcasting   | 4 5 6 7 8 9 10 | 10.7
Stealth        | 3 4 6 |  6.0
Shields        | 1 2 3 4 5 6 |  6.3
Fighting       | 1 2 3 4 5 6 7 |  7.9
Conjurations   | 2 3 4 5 6 7 |  7.0
Short Blades   | 1 2 4 5 6 |  6.7
Dodging        | 3 4 |  4.8
Summonings     | 2 |  2.0
Fire Magic     | 2 3 5 |  5.8
Translocations | 2 3 |  3.6
Poison Magic   | 1 2 3 |  3.3
Air Magic      | 1 2 |  2.5
Evocations     | 1 |  1.2
Hexes          | |  0.4

Action                   |  1- 3 |  4- 6 |  7- 9 | 10-12 || total
-------------------------+-------+-------+-------+-------++-------
Melee: Unarmed           |    14 |       |       |       ||    14
       Tentacles         |     8 |    10 |    21 |    49 ||    88
       Constrict         |     8 |    16 |    41 |    50 ||   115
       Dagger            |    34 |    36 |       |       ||    70
       Short sword       |       |    49 |   203 |   384 ||   636
       Spear             |       |     2 |       |       ||     2
Throw: Javelin           |       |       |       |     1 ||     1
 Cast: Magic Dart        |    45 |    78 |    84 |   164 ||   371
       Call Imp          |     1 |    22 |    13 |     9 ||    45
       Mephitic Cloud    |       |     5 |     7 |    70 ||    82
       Conjure Flame     |       |     2 |     5 |     9 ||    16
       Blink             |       |     2 |     7 |    34 ||    43
       Slow              |       |       |     1 |    10 ||    11
       Sticky Flame      |       |       |     3 |    19 ||    22
       Fireball          |       |       |       |    18 ||    18
       Foxfire           |       |       |       |    17 ||    17
Invok: Channel Magic     |       |       |       |     1 ||     1
Evoke: Wand              |       |       |     4 |    17 ||    21
  Use: Potion            |       |     5 |       |    15 ||    20
       Scroll            |       |     7 |     1 |     8 ||    16
 Stab: Sleeping          |     6 |    10 |    22 |    11 ||    49
       Paralysed         |       |       |     6 |     1 ||     7
       Confused          |       |       |     5 |    27 ||    32
       Distracted        |       |       |       |     1 ||     1
  Eat: Chunk             |     2 |    12 |    15 |    26 ||    55
       Ration            |       |       |     1 |     4 ||     5
Armor: Skin              |    10 |     3 |     5 |    48 ||    66
Dodge: Dodged            |    31 |    54 |    79 |   176 ||   340
Block: Buckler           |     3 |     7 |    29 |    97 ||   136

Table legend:
 A = Non-vault XP
 B = Vault XP
 C = Vault XP percentage of total XP
 D = Non-vault monster count
 E = Vault monster count
 F = Vault count percentage of total count
                 A         B        C        D         E       F
            +---------+---------+-------+---------+---------+-------
      Total |   17089 |   10957 |  39.1 |     234 |      82 |  25.9
            +---------+---------+-------+---------+---------+-------
        D:1 |      46 |      10 |  17.9 |      21 |       5 |  19.2
        D:2 |      65 |      25 |  27.8 |      25 |       3 |  10.7
        D:3 |     377 |     264 |  41.2 |      30 |       2 |   6.2
        D:4 |     393 |     204 |  34.2 |      13 |       9 |  40.9
        D:5 |     276 |     185 |  40.1 |      10 |       1 |   9.1
        D:6 |     493 |       0 |   0.0 |      10 |       0 |   0.0
        D:7 |     719 |       0 |   0.0 |      14 |       0 |   0.0
        D:8 |    1171 |    2213 |  65.4 |      21 |       9 |  30.0
        D:9 |    1111 |    1077 |  49.2 |      17 |       2 |  10.5
       D:10 |    1633 |     350 |  17.7 |      19 |      26 |  57.8
       D:11 |    2433 |    2757 |  53.1 |      11 |      16 |  59.3
     Lair:1 |    2912 |    2283 |  43.9 |      16 |       3 |  15.8
     Lair:2 |    4510 |    1589 |  26.1 |      23 |       6 |  20.7
     Lair:3 |     950 |       0 |   0.0 |       4 |       0 |   0.0
            +---------+---------+-------+---------+---------+-------
